 Dungeon Crawl Stone Soup version 0.31-a0-1019-g3dd9dd1025 (webtiles) character file.

Game seed: 18303501397260539942

80 ChronoRanger the Magician (level 4, -6/33 HPs)
             Began as a Djinni Fire Elementalist on Nov 17, 2023.
             Mangled by Natasha (7 damage)
             ... on level 2 of the Dungeon.
             The game lasted 00:03:48 (1163 turns).

ChronoRanger the Magician (DjFE)                    Turns: 1163, Time: 00:03:49

Health: -6/33      AC:  2    Str:  7    XL:     4   Next: 65%
Gold:   158        EV: 12    Int: 19    God:
                   SH:  0    Dex: 13

rFire   + + .        e - +0 dagger (elec)
rCold   x . .        (no shield)
rNeg    . . .        a - +0 robe
rPois   ∞            (no helmet)
rElec   .            (no cloak)
rCorr   .            (no gloves)
SInv    .            (boots unavailable)
Will    .....        (no amulet)
Stlth   ++           (no ring)
HPRegen 0.25/turn    (no ring)
MPRegen 0.00/turn

%: infuse magic (-7 HP)
@: flying, slowed, very slow
A: sickness immunity, fire resistance 2, cold vulnerability 1, float, innate
caster, HP casting, extra vitality 1
a: no special abilities


You were on level 2 of the Dungeon.
You visited 1 branch of the dungeon, and saw 2 of its levels.

You collected 158 gold pieces.

Inventory:

Hand Weapons
 e - a +0 dagger of electrocution (weapon)
Armour
 a - a +0 robe (worn)
Scrolls
 b - a scroll of brand weapon {unknown}
 d - a scroll of identify {unknown}
 h - 2 scrolls of teleportation {unknown}
 i - a scroll of blinking {unknown}
Potions
 c - 3 potions of lignification {unknown}
 f - a potion of degeneration {unknown}
 g - a potion of heal wounds {unknown}


   Skills:
 + Level 2.1 Fighting
 - Level 2.1 Dodging
 - Level 1.5 Stealth
 + Level 3.8 Spellcasting
 + Level 3.8 Conjurations
 + Level 3.8 Hexes
   Level 0.0 Charms
 + Level 3.8 Summonings
 + Level 3.8 Necromancy
 + Level 3.8 Translocations
 + Level 3.8 Transmutations
 + Level 3.8 Fire Magic
 + Level 3.8 Ice Magic
 + Level 3.8 Air Magic
 + Level 3.8 Earth Magic
 + Level 3.8 Poison Magic


You knew the following spells:

 Your Spells              Type           Power      Damage    Failure   Level
a - Foxfire               Conj/Fire      72%        2x1d7     3%          1
b - Scorch                Fire           36%        2d6       4%          2
c - Volatile Blastmotes   Fire/Tloc      36%        2d13      9%          3
d - Inner Flame           Hex/Fire       18%        N/A       9%          3
e - Flame Wave            Conj/Fire      18%        2d7       28%         4
f - Slow                  Hex            72%        N/A       3%          1
Your spell library was empty.

Dungeon Overview and Level Annotations

Branches:
Dungeon (2/15)

Altars:

Shops:
D:1 =

Annotations:
D:2 Natasha


Innate Abilities, Weirdness & Mutations

You are immune to sickness and miasma.
You are immune to poison.
Your flesh is very heat resistant. (rF++)
You are vulnerable to cold. (rC-)
You float through the air rather than walking.
You learn spells naturally, not from books.
Your magical power is your life essence.
You have superior vitality. (+4 MHP)


Message History

Natasha stares at you and mumbles some strange words.
You feel as though you will be slow longer.
Natasha claws you.
Natasha howls an incantation.
You feel troubled. Natasha closely misses you.
Your foxfire dissipates!
Natasha stares at you and mumbles some strange words.
The magic dart hits you.
Casting: Foxfire (safe; 3% risk of failure)
Confirm with . or Enter, or press ? or * to list all spells.
You conjure some foxfire!
Natasha is no longer more vulnerable to fire.
The foxfire hits the giant cockroach but does no damage.
Natasha casts a spell.
Natasha casts a spell at you. The magic dart hits you.
* * * LOW HITPOINT WARNING * * *
The foxfire hits the giant cockroach but does no damage.
The giant cockroach barely misses you. The giant cockroach bites you.
* * * LOW HITPOINT WARNING * * *
The giant cockroach barely misses you.
Natasha mumbles some strange words.
The giant cockroach bites you but does no damage.
The giant cockroach bites you but does no damage.
Natasha stares at you and mumbles some strange words.
The magic dart hits you!
* * * LOW HITPOINT WARNING * * *
The cerulean imp closely misses you. The giant cockroach bites you.
* * * LOW HITPOINT WARNING * * *
The cerulean imp hits you with a +1 spear.
* * * LOW HITPOINT WARNING * * *
The cerulean imp barely misses you.
Casting: Foxfire (safe; 3% risk of failure)
Confirm with . or Enter, or press ? or * to list all spells.
You conjure some foxfire!
* * * LOW HITPOINT WARNING * * *
The giant cockroach bites you but does no damage.
Natasha claws you!
You die...
Natasha begins licking her fur clean.

##..........#
##########...#.#####.#
.).........#.....#
######.###...#.#.# #†#
##.##.#.# #.#
##.##.#.######## ...
....#.#......... ...
.......v5######.
..†.........@B5.####.#.#
....##...#.v.hK..).....#
#.. ###.######..##. #.
#.# ... . ..# . ##.# #.#
..#


You could see Natasha, 2 cerulean imps, a giant cockroach and a kobold.

Vanquished Creatures
  3 gnolls (D:2)
  3 adders (D:2)
  A dart slug (D:2)
  3 ball pythons (D:1)
  2 giant cockroaches
  4 goblins
  2 hobgoblins
  2 kobolds
  2 frilled lizards
  3 rats
25 creatures vanquished.

Vanquished Creatures (others)
  68 foxfires
68 creatures vanquished.

Grand Total: 93 creatures vanquished

Notes
Turn   | Place    | Note
-------+----------+-------------------------------------------
     0 | D:1      | ChronoRanger the Djinni Fire Elementalist began the quest
                  | for the Orb.
     0 | D:1      | ChronoRanger set off with the following spells memorised:
                  | Foxfire, Scorch, Volatile Blastmotes, Inner Flame, Flame
                  | Wave.
     0 | D:1      | Reached XP level 1. HP: 15/15 MP: 0/0
    46 | D:1      | Found a faded altar of an unknown god.
   115 | D:1      | Reached XP level 2. HP: 18/21 MP: 0/0
   279 | D:1      | Found Tariz's Jewellery Shoppe.
   664 | D:2      | Reached XP level 3. HP: 23/26 MP: 0/0
   664 | D:2      | Learned a level 1 spell: Slow
   765 | D:2      | Reached skill level 1 in Fighting
   815 | D:2      | Reached XP level 4. HP: 12/33 MP: 0/0
  1148 | D:2      | Noticed Natasha
  1163 | D:2      | Mangled by Natasha

Illustrated notes

Levels and vault maps discovered:
D:1:      tarquinn_simple_flora_water_c, layout_rooms, serial_shops,
          nicolae_square_shop, ebering_ecumenical_altar_mist,
          nicolae_figureground_pulse
D:2:      layout_loops_ring, uniq_natasha

Skill      XL: |  1  2  3  4 |
---------------+-------------+-----
Spellcasting   | |  3.8
Conjurations   | |  3.8
Hexes          | |  3.8
Summonings     | |  3.8
Necromancy     | |  3.8
Translocations | |  3.8
Transmutations | |  3.8
Fire Magic     | |  3.8
Ice Magic      | |  3.8
Air Magic      | |  3.8
Earth Magic    | |  3.8
Poison Magic   | |  3.8
Fighting       | 1 2 |  2.1
Dodging        | |  2.1
Stealth        | |  1.5

Action                     |  1- 3 |  4- 6 || total
---------------------------+-------+-------++-------
   Cast: Foxfire           |    30 |    13 ||    43
         Scorch            |     3 |     6 ||     9
 Armour: Robe              |     2 |    12 ||    14
  Dodge: Dodged            |     1 |     8 ||     9

Table legend: (Time is in decaauts)
 A = Elapsed time spent in this place.
 B = Non-inter-level travel time spent in this place.
 C = Inter-level travel time spent in this place.
 D = Time resting spent in this place.
 E = Time spent auto-exploring this place.
 F = Levels seen in this place.
 G = Mean time per level.
                   A        B        C        D        E       F      G
               +--------+--------+--------+--------+--------+-----+--------+
         Total |   1166 |   1123 |     43 |      0 |    915 |   2 |  583.0 |
       Dungeon |   1166 |   1123 |     43 |      0 |    915 |   2 |  583.0 |
               +--------+--------+--------+--------+--------+-----+--------+

Top non-repeatable levels by time:
     D:1: 646 daAuts
     D:2: 519 daAuts
